 Dungeon Crawl Stone Soup version 0.24.0-123-gd5b16e6ec5 (webtiles) character file.

Game seed: 4490741847283657452, levelgen mode: deterministic

810 Crl the Shield-Bearer (level 7, -1/45 HPs)
             Began as a Gargoyle Fighter on Jan 6, 2020.
             Was a Follower of Okawaru.
             Slain by Prince Ribbit (2 damage)
             ... on level 5 of the Dungeon.
             The game lasted 00:09:00 (5963 turns).

Crl the Shield-Bearer (Gargoyle Fighter)            Turns: 5963, Time: 00:09:01

Health: -1/45      AC: 21    Str: 21    XL:     7   Next: 92%
Magic:  7/7        EV:  6    Int:  9    God:    Okawaru [*.....]
Gold:   197        SH: 10    Dex:  9    Spells: 6/6 levels left

rFire    . . .     SeeInvis .   o - +0 whip
rCold    + + .     Gourm    .   m - +0 shield
rNeg     + . .     Faith    .   w - +4 chain mail
rPois    ∞         Spirit   .   (no helmet)
rElec    +         Reflect  .   a - +1 cloak
rCorr    .         Harm     .   (no gloves)
MR       .....                  (no boots)
Stlth    ..........             (no amulet)
HPRegen  0.15/turn              c - ring of protection from cold
MPRegen  0.10/turn              s - ring of protection from cold

@: no status effects
A: negative energy resistance 1, electricity resistance, unbreathing,
petrification resistance, rot immunity, AC +4
a: Heroism, Renounce Religion


You were on level 5 of the Dungeon.
You worshipped Okawaru.
Okawaru was aware of your devotion.
You were not hungry.

You visited 2 branches of the dungeon, and saw 6 of its levels.

You collected 197 gold pieces.

Inventory:

Hand Weapons
 o - a +0 whip (weapon)
   (You found it on level 2 of the Dungeon)
Missiles
 f - 65 bolts
 g - 17 poisoned darts
 k - 154 stones (quivered)
 l - 64 arrows
 q - 2 throwing nets
 y - 5 javelins
Armour
 a - a +1 cloak (worn)
   (You took it off Crazy Yiuf on level 2 of the Dungeon)
 m - a +0 shield (worn)
 w - a +4 chain mail (worn)
   (You found it on level 5 of the Dungeon)
Magical Staves
 v - an uncursed staff of summoning
   (You took it off an orc on level 4 of the Dungeon)
Jewellery
 c - a ring of protection from cold (left hand)
   (You found it on level 1 of the Dungeon)
 p - an uncursed ring of protection from cold
   (You found it on level 4 of the Dungeon)
 s - a ring of protection from cold (right hand)
   (You found it on level 3 of the Dungeon)
Wands
 z - a wand of iceblast (8)
   (You found it on level 5 of the Dungeon)
Scrolls
 i - 3 scrolls of magic mapping {unknown}
 j - 4 scrolls of identify {unknown}
 n - a scroll of enchant armour {unknown}
Potions
 b - a potion of curing {unknown}
 d - a potion of might
 h - a potion of lignification {unknown}
 r - a potion of heal wounds
 t - a potion of flight {unknown}
 u - a potion of haste {unknown}
Comestibles
 e - 7 rations


   Skills:
 + Level 5.7 Fighting
 + Level 4.6 Maces & Flails
 + Level 5.6 Armour
 + Level 5.7 Shields


You had 6 spell levels left.
You didn't know any spells.
Your spell library was empty.

Dungeon Overview and Level Annotations

Branches:
Dungeon (5/15)             Temple (1/1) D:4

Altars:
Ashenzari
Cheibriados
Elyvilon
Gozag
Hepliaklqana
Kikubaaqudgha
Makhleb
Okawaru
Qazlal
Ru
Sif Muna
Trog
Uskayaw
Vehumet
Xom
Yredelemnul
Zin

Annotations:
D:5 Prince Ribbit


Innate Abilities, Weirdness & Mutations

You are resistant to torment.
Your stone body is resilient. (AC +4)
You are immune to poison.
You resist negative energy. (rN+)
You are resistant to electric shocks. (rElec)
You can survive without breathing.
You are immune to petrification.
You are immune to rotting.


Message History

You whack Prince Ribbit!
Prince Ribbit is severely wounded.
Prince Ribbit lets out a mournful croak.
Prince Ribbit hits you but does no damage.
Your chain mail prevents you from hitting Prince Ribbit.
Prince Ribbit is severely wounded.
Prince Ribbit hits you!
* * * LOW HITPOINT WARNING * * *
You miss Prince Ribbit.
Prince Ribbit is severely wounded.
Prince Ribbit barely misses you.
Prince Ribbit casts a spell.
Prince Ribbit looks slightly unstable.
Your shield and chain mail prevent you from hitting Prince Ribbit.
Prince Ribbit is severely wounded.
Prince Ribbit hits you but does no damage.
You closely miss Prince Ribbit.
Prince Ribbit is severely wounded.
Prince Ribbit hits you.
You die...

#.........# #..#...
#...### #.....
#######≈...# #.....
##.#........###.....
#...§....##.........
#...########......<.
#...# #......... ###F##
#.......# ##...@##
###......# ###......##
###.......##
#.........###...........
##.............##.......
#....#####.....#....###.
#..## ##.........#.##
### ####.............#
#####.#.............##
##..)#...............##


You could see Prince Ribbit.

Vanquished Creatures
  Menkaure (D:5)
  A centaur (D:5)
  3 scorpions
  3 orc priests
  Crazy Yiuf (D:2)
  A bullfrog skeleton (D:4)
  Ijyb (D:5)
  2 orc wizards
  3 worker ants
  A worker ant zombie (D:4)
  4 adders
  2 shadow imps (D:5)
  An ooze (D:2)
  2 adder zombies (D:5)
  A worm (D:3)
  3 dart slugs
  6 leopard geckos
  11 orcs
  4 giant cockroaches
  7 goblins
  6 hobgoblins
  3 jackals
  2 quokkas (D:2)
  A ball python (D:2)
  6 bats
  3 frilled lizards
  5 kobolds
  A quokka zombie (D:5)
  5 rats
  2 rat zombies (D:3)
92 creatures vanquished.

Notes
Turn   | Place    | Note
-------+----------+-------------------------------------------
     0 | D:1      | Crl the Gargoyle Fighter began the quest for the Orb.
     0 | D:1      | Reached XP level 1. HP: 14/14 MP: 1/1
   195 | D:1      | Reached XP level 2. HP: 15/19 MP: 2/2
   823 | D:2      | Reached XP level 3. HP: 14/23 MP: 3/3
  1063 | D:2      | Found a snail-covered altar of Cheibriados.
  1120 | D:2      | Found a bloodstained altar of Trog.
  1335 | D:2      | Reached XP level 4. HP: 26/29 MP: 4/4
  1368 | D:2      | Found a sacrificial altar of Ru.
  1571 | D:2      | Found a runed translucent door.
  1572 | D:2      | Noticed Crazy Yiuf
  1765 | D:2      | Found a faded altar of an unknown god.
  2114 | D:2      | Killed Crazy Yiuf
  2932 | D:3      | Reached XP level 5. HP: 33/33 MP: 5/5
  3327 | D:3      | Found an ancient bone altar of Kikubaaqudgha.
  3650 | D:4      | Found a staircase to the Ecumenical Temple.
  3693 | D:4      | Reached XP level 6. HP: 26/39 MP: 6/6
  3710 | Temple   | Entered the Ecumenical Temple
  4080 | Temple   | Became a worshipper of Warmaster Okawaru
  4829 | D:4      | Reached skill level 5 in Fighting
  4999 | D:5      | Entered Level 5 of the Dungeon
  5057 | D:5      | Reached skill level 5 in Shields
  5095 | D:5      | Reached skill level 5 in Armour
  5095 | D:5      | Reached XP level 7. HP: 43/44 MP: 7/7
  5254 | D:5      | Reached * piety under Okawaru
  5463 | D:5      | Noticed Ijyb
  5491 | D:5      | Paralysed by Ijyb for 4 turns
  5502 | D:5      | Paralysed by Ijyb for 2 turns
  5539 | D:5      | Killed Ijyb
  5597 | D:5      | Noticed Menkaure
  5615 | D:5      | Killed Menkaure
  5905 | D:5      | Noticed Prince Ribbit
  5960 | D:5      | HP: 1/45 [Prince Ribbit (11)]
  5963 | D:5      | Slain by Prince Ribbit

Levels and vault maps discovered:
D:1:      lightli_arrival_maybe_door_vault, layout_basic,
          chequers_serial_rivers_large_b
D:2:      minmay_recursive_quarters, layout_loops_ring, bloody_trog,
          cheibriados_altar_1, overflow_temple_1_default,
          chequers_ecumenical_altar_grove, uniq_crazy_yiuf_cottage
D:3:      layout_basic, lemuel_zombie_altar_kikubaaqudgha
D:4:      layout_basic, minmay_temple_entry_antechambers
D:5:      layout_cave_pools, first_ration, feat_on_display, uniq_menkaure,
          uniq_ijyb, uniq_prince_ribbit1
Temple:   nicolae_temple_figure_eight

Skill      XL: |  1  2  3  4  5  6 |
---------------+-------------------+-----
Fighting       | 4 5 |  5.7
Armour         | 4 5 |  5.6
Shields        | 4 5 |  5.7
Maces & Flails | 3 4 |  4.6

Action                   |  1- 3 |  4- 6 |  7- 9 || total
-------------------------+-------+-------+-------++-------
Melee: Flail             |   123 |    13 |       ||   136
       Whip              |       |   318 |   269 ||   587
Invok: Heroism           |       |       |     2 ||     2
  Eat: Chunk             |     2 |    11 |     4 ||    17
Armor: Scale mail        |    88 |   135 |       ||   223
       Chain mail        |       |     1 |   133 ||   134
Dodge: Dodged            |    40 |    59 |    52 ||   151
Block: Shield            |    81 |   113 |   114 ||   308
